Cogmind - Beta 14 @@@ ROGUE MODE // 2025.03.01 @ 12:42:31 Player: Edited09 Result: Destroyed by H-61 Shepherd with Heavy Assault Cannon Performance ------------- Evolutions (2) 1000 Regions Visited (4) 800 Robots Destroyed (51) 255 Value Destroyed (1171) 1171 Prototype IDs (1) 20 Alien Tech Used (0) 0 Bonus (38) 38 TOTAL SCORE: 3284 Bonus ------- High Alert Combat Kills 38 Cogmind --------- Core Integrity 0/550 Matter 81/300 Energy 93/100 System Corruption 0% Temperature Cool (0) Movement Core (150) Ox2 Location -8/Materials Parts ------- > --- POWER (2) -------- (None) > --- PROPULSION (3) --- (None) > --- UTILITY (3) ------ Improved Signal Interpreter Improved Utility Shielding Hardened Light Armor Plating > --- WEAPON (3) ------- (None) > --- INVENTORY (5) ---- Improved Terrain Scanner Terrain Scan Processor Peak State ------------ > --- POWER ------------ Light Nuclear Core Light Angular Momentum Engine > --- PROPULSION ------- Carbon-fiber Leg > --- UTILITY ---------- Small Storage Unit Improved Signal Interpreter Hardened Light Armor Plating > --- WEAPON ----------- High-powered Shotgun Improved Grenade Launcher Makeshift Axe > --- INVENTORY -------- Heavy Ion Engine Advanced Weight Redist. System Improved Terrain Scanner Terrain Scan Processor Improved Utility Shielding Hardened Light Armor Plating Shotgun [Rating: 28] Favorites ----------- Power Heavy Ion Engine Engine Heavy Ion Engine Power Core Light Nuclear Core Propulsion Aluminum Leg Leg Aluminum Leg Utility Small Storage Unit Storage Small Storage Unit Processor Signal Interpreter Protection Hardened Light Armor Plating Weapon Subdweller Shrapnel Launcher Energy Gun Medium Laser Ballistic Gun Assault Rifle Launcher Subdweller Shrapnel Launcher Slashing Weapon Makeshift Axe Build | -11 -10 -10 -10 -8 ------- Run | Yrd Mat Min Sub Mat Slots Evolved 4 | . . . . 4 Power 1 | . . . . 1 Propulsion 1 | . . . . 1 Utility 1 | . . . . 1 Weapon 1 | . . . . 1 Parts Attached 35 | 7 4 4 3 17 Power 8 | 1 1 . . 6 Engine 4 | 1 1 . . 2 Core 4 | . . . . 4 Reactor . | . . . . . Propulsion 4 | 2 . 1 . 1 Treads . | . . . . . Leg 4 | 2 . 1 . 1 Wheel . | . . . . . Hover . | . . . . . Flight . | . . . . . Utility 8 | 1 2 1 . 4 Device . | . . . . . Storage 3 | 1 1 1 . . Processor 2 | . 1 . . 1 Hackware . | . . . . . Protection 3 | . . . . 3 Artifact . | . . . . . Weapon 15 | 3 1 2 3 6 Energy Gun 4 | 3 . 1 . . Energy Cannon . | . . . . . Ballistic Gun 6 | . . 1 1 4 Ballistic Cannon . | . . . . . Launcher 4 | . 1 . 2 1 Special Weapon . | . . . . . Impact Weapon . | . . . . . Slashing Weapon 1 | . . . . 1 Piercing Weapon . | . . . . . Special Melee Weapon . | . . . . . Unidentified Prototypes 1 | . 1 . . . Parts Lost 15 | . . . 1 14 Power 5 | . . . . 5 Propulsion 3 | . . . 1 2 Utility 2 | . . . . 2 Weapon 5 | . . . . 5 Highest Loss Streak 10 | . . . 1 10 To Critical Strikes . | . . . . . Average Slot Usage (%) 85 | . 97 100 88 70 Engine 11 | . 14 14 14 7 Core 1 | . . . . 5 Leg 16 | . 28 28 17 4 Storage 12 | . 14 14 14 8 Processor 11 | . 11 14 14 9 Protection 3 | . . . . 8 Energy Gun 6 | . 16 13 3 . Ballistic Gun 9 | . . 12 14 8 Launcher 8 | . 11 1 10 8 Slashing Weapon 3 | . . . . 8 Peak Build Rating 28 | 6 11 10 11 28 Average Rating 13 | 5 8 9 10 20 On Entrance 7 | . 6 11 10 11 Naked Turns . | . . . . . Heaviest Build 93 | 11 93 93 25 37 Greatest Support 20 | 20 20 20 20 15 Greatest Overweight (x) 12 | . 4 4 2 12 Average Overweight (x) 1 | . 2 . 1 4 Largest Inventory Capacity 25 | 8 25 25 8 8 Average Capacity 10 | 7 21 8 8 7 Most Carried 12 | 2 12 11 8 8 Average Carried 7 | 1 7 8 7 7 Final Capacity 25 | 8 25 8 8 5 Final Carried 12 | 2 12 8 8 2 Class Distribution -------------------- 100% | Mutant Dominant Class ---------------- Mutant | -10/Materials Mutant | -10/Mines Mutant | -10/Subcaves Mutant | -8/Materials Resources | -11 -10 -10 -10 -8 ----------- Run | Yrd Mat Min Sub Mat Matter Collected 957 | 250 211 141 43 312 Remotely . | . . . . . Salvage Created 947 | . 188 100 66 593 Parts 76 | . 24 2 5 45 Haulers Intercepted 1 | . . . . 1 Recyclers Shooed . | . . . . . Parts Field Recycled . | . . . . . Retrieved Matter . | . . . . . Parts Self-Destructed 5 | . . . 5 . Prevented . | . . . . . Kills | -11 -10 -10 -10 -8 ------- Run | Yrd Mat Min Sub Mat Combat Hostiles Destroyed 29 | . 4 2 2 21 Guns 10 | . . 2 2 6 AOE 19 | . 4 . . 15 Classes Destroyed 10 | . 5 . 2 3 Worker 5 | . 2 . . 3 Builder 7 | . 3 . . 4 Tunneler 2 | . . . . 2 Hauler 1 | . . . . 1 Recycler 1 | . 1 . . . Watcher 6 | . 3 . . 3 Swarmer 11 | . . . 1 10 Grunt 14 | . 4 2 . 8 Sentry 3 | . . . 1 2 Specialist 1 | . . . . 1 Best Kill Streak 12 | . 5 2 2 12 Combat Bots Only 8 | . 2 2 2 8 Max Kills in Single Turn 5 | . 2 1 1 5 Gunslinging . | . . . . . Exploded 2 | . 1 . . 2 Melee . | . . . . . Uniques/NPCs Destroyed . | . . . . . Combat | -11 -10 -10 -10 -8 -------- Run | Yrd Mat Min Sub Mat Hostile Shots Fired 251 | . 17 16 13 205 Missed 87 | . 5 4 3 75 Damage Taken 2333 | . 163 158 126 1886 Core 646 | . 44 . 16 586 Absorbed by Shields . | . . . . . Core Remaining (%) 88 | 100 . . 76 . Volleys Fired 70 | . 13 7 6 44 Largest 2 | . 2 2 2 2 Hottest 80 | . 80 70 70 65 Shots Fired 102 | . 23 14 12 53 Gun 77 | . 13 14 12 38 Cannon . | . . . . . Launcher 25 | . 10 . . 15 Special . | . . . . . Kinetic 63 | . . 7 6 50 Thermal 26 | . 13 7 6 . Explosive 13 | . 10 . . 3 Electromagnetic . | . . . . . Robot Hit Streak 9 | . 4 6 6 9 Robot Miss Streak 4 | . 4 3 2 4 Penetration Max . | . . . . . Secondary Targets 2 | . . 1 1 . Max Gunslinging Chain 1 | . . 1 1 . Shots Hit Robots 69 | . 10 10 8 41 Core Hits 84 | . 20 5 3 56 Critical Kills . | . . . . . Critical Parts Destroyed . | . . . . . Critical Strikes 2 | . 1 . 1 . Burn 2 | . 1 . 1 . Melee Attacks 7 | . . . . 7 Impact . | . . . . . Slashing 7 | . . . . 7 Piercing . | . . . . . Sneak Attacks 5 | . . . . 5 Combat Hostiles . | . . . . . Follow-up Attacks . | . . . . . Damage Inflicted 3934 | . 859 145 100 2830 Guns 845 | . 74 145 100 526 Cannons . | . . . . . Explosions 2659 | . 785 . . 1874 Melee 430 | . . . . 430 Ramming . | . . . . . Kinetic 1760 | . . 67 51 1642 Thermal 201 | . 74 78 49 . Explosive 1543 | . 785 . . 758 Electromagnetic . | . . . . . Impact . | . . . . . Slashing 430 | . . . . 430 Piercing . | . . . . . Highest Corruption . | . . . . . Average Corruption . | . . . . . Corruption Purged . | . . . . . Corruption Blocked . | . . . . . Overload Shots . | . . . . . Overflow Damage 270 | . . . . 270 Projectiles . | . . . . . Explosions 85 | . . . . 85 Melee 185 | . . . . 185 Knockbacks . | . . . . . Impact . | . . . . . Kinetic . | . . . . . Secondary . | . . . . . Self-Inflicted Damage 56 | . 17 . . 39 Shots 3 | . 1 . . 2 Rammed . | . . . . . Targets Rammed . | . . . . . Kicked . | . . . . . Crushed . | . . . . . Highest Temperature 174 | . 120 174 . 60 Average Temperature 45 | . 40 91 . 22 Received Heat Transfer 621 | . 81 90 27 423 Siege Activations . | . . . . . Robots Corrupted . | . . . . . Combat Hostiles . | . . . . . Parts Fried . | . . . . . Impact Corruptions . | . . . . . Robots Melted . | . . . . . Combat Hostiles . | . . . . . Parts Melted 2 | . . 2 . . Heat Transferred 740 | . 296 222 222 . Parts Sabotaged . | . . . . . Parts Stolen . | . . . . . Parts Stripped . | . . . . . Power Chain Reactions . | . . . . . Alert | -11 -10 -10 -10 -8 ------- Run | Yrd Mat Min Sub Mat Peak Influence 477 | . 195 125 . 477 Initial 75 | . . 75 . . Average 101 | . 36 65 . 159 Maximum Alert Level 2 | . . . . 2 Low Security (%) 82 | 100 100 100 . 63 Level 1 9 | . . . . 19 Level 2 8 | . . . . 16 Level 3 . | . . . . . Level 4 . | . . . . . Level 5 . | . . . . . High Security . | . . . . . Max Security . | . . . . . Squads Dispatched 4 | . 1 . . 3 Investigation . | . . . . . Extermination . | . . . . . Reinforcement 4 | . 1 . . 3 Assault . | . . . . . Garrison . | . . . . . Intercept . | . . . . . Searches Triggered . | . . . . . Construction Impeded 1 | . . . . 1 Haulers Reinforced . | . . . . . Active Scanning Responses . | . . . . . Cargo Convoy Interrupts . | . . . . . Stealth | -11 -10 -10 -10 -8 --------- Run | Yrd Mat Min Sub Mat Distress Signals 2 | . . . . 2 Communications Jammed . | . . . . . Distress Signals . | . . . . . Times Spotted 46 | . 7 3 2 34 Peak Tracking Total 11 | . 3 2 2 11 Tactical Retreats 1 | . . . . 1 Traps | -11 -10 -10 -10 -8 ------- Run | Yrd Mat Min Sub Mat Traps Triggered . | . . . . . Indirectly . | . . . . . Trap Hack Attempts . | . . . . . Triggered . | . . . . . Disarmed . | . . . . . Reprogrammed . | . . . . . Reused . | . . . . . Traps Extracted . | . . . . . Installed . | . . . . . Triggered . | . . . . . Machines | -11 -10 -10 -10 -8 ---------- Run | Yrd Mat Min Sub Mat Machines Disabled 8 | . 2 . . 6 Max in Single Turn 3 | . 1 . . 3 Machines Repaired . | . . . . . Machines Dismantled . | . . . . . Machines Sabotaged . | . . . . . Overloaded Fab Kills . | . . . . . Hacking | -11 -10 -10 -10 -8 --------- Run | Yrd Mat Min Sub Mat Machines Accessed 1 | . 1 . . . Terminals . | . . . . . Fabricators . | . . . . . Repair Stations . | . . . . . Recycling Units 1 | . 1 . . . Scanalyzers . | . . . . . Garrison Access . | . . . . . Total Hacks 2 | . 2 . . . Successful 2 | . 2 . . . Failed . | . . . . . Catastrophic . | . . . . . Database Lockouts . | . . . . . Manual . | . . . . . Terminals . | . . . . . Fabricators . | . . . . . Repair Stations . | . . . . . Recycling Units 2 | . 2 . . . Scanalyzers . | . . . . . Garrison Access . | . . . . . Terminal Hacks . | . . . . . Fabricator Hacks . | . . . . . Repair Station Hacks . | . . . . . Recycling Unit Hacks 2 | . 2 . . . Report Inventory 1 | . 1 . . . Retrieve Matter 1 | . 1 . . . Scanalyzer . | . . . . . Garrison Access Hacks . | . . . . . Unauthorized Hacks . | . . . . . Terminals . | . . . . . Fabricators . | . . . . . Repair Stations . | . . . . . Recycling Units . | . . . . . Scanalyzers . | . . . . . Garrison Access . | . . . . . Data Cores Recovered . | . . . . . Used . | . . . . . Hacking Detections . | . . . . . Full Trace Events . | . . . . . Feedback Events . | . . . . . Feedback Blocked . | . . . . . Robot Schematics Acquired . | . . . . . Robots Built . | . . . . . Authchips . | . . . . . Time . | . . . . . Total Robot Build Rating . | . . . . . Part Schematics Acquired . | . . . . . Parts Built . | . . . . . Authchips . | . . . . . Time . | . . . . . Total Part Build Rating . | . . . . . Parts Repaired . | . . . . . Time . | . . . . . Parts Recycled . | . . . . . Recycled Matter . | . . . . . Retrieved Matter . | . . . . . Retrieved Components . | . . . . . Parts Scanalyzed . | . . . . . Part Schematics Acquired . | . . . . . Parts Damaged . | . . . . . Bothacking | -11 -10 -10 -10 -8 ------------ Run | Yrd Mat Min Sub Mat Used RIF Installer . | . . . . . Robots Hacked . | . . . . . Non-combat . | . . . . . Combat . | . . . . . Robot Hacks Applied . | . . . . . Relay Couplers Released . | . . . . . Fabnet Peak Effective % . | . . . . . Robots Rewired . | . . . . . Allies Hacked . | . . . . . Hacks Repelled . | . . . . . Allies | -11 -10 -10 -10 -8 -------- Run | Yrd Mat Min Sub Mat Total Allies . | . . . . . Largest Group . | . . . . . Highest-Rated Group . | . . . . . Highest-Rated Ally . | . . . . . Total Orders . | . . . . . Ally Attacks . | . . . . . Total Damage . | . . . . . Kills . | . . . . . Allies Corrupted . | . . . . . Allies Melted . | . . . . . Intel | -11 -10 -10 -10 -8 ------- Run | Yrd Mat Min Sub Mat Robot Analysis Total . | . . . . . Derelict Logs Recovered 2 | . . 1 1 . Drone Launches . | . . . . . Drone Recoveries . | . . . . . Exploration | -11 -10 -10 -10 -8 ------------- Run | Yrd Mat Min Sub Mat Turns Passed 4285 | 133 750 659 1261 1482 Spaces Moved 1825 | 103 254 502 605 361 Core 126 | 4 . . . 122 Treads . | . . . . . Legs 1699 | 99 254 502 605 239 Wheels . | . . . . . Hover . | . . . . . Flight . | . . . . . Fastest Speed 50 | 50 120 120 120 150 Average Speed 220 | 117 275 124 204 372 Slowest Speed 650 | 120 400 400 260 650 Overloaded Moves . | . . . . . Propulsion Burnouts . | . . . . . Robots Hopped . | . . . . . Cave-ins Triggered . | . . . . . Exploration Rate (%) 33 | 7 37 68 29 27 Regions Visited 4 Branch Regions 2 Pre-discovered Areas . | . . . . . Known Exits Taken 3 | . 1 1 1 . Unknown Exits Taken 1 | 1 . . . . Scrap Searched 3 | . . 2 1 . Spaces Dug 1 | . . . . 1 Terrain Destroyed 271 | . 55 . . 216 Melee . | . . . . . Projectile . | . . . . . AOE 271 | . 55 . . 216 Terrain Rammed . | . . . . . Walls Destroyed . | . . . . . Machines Disabled . | . . . . . Actions | -11 -10 -10 -10 -8 --------- Run | Yrd Mat Min Sub Mat Total 1978 | 111 283 525 619 440 Wait 1 | . . . 1 . Move 1821 | 102 253 501 604 361 Hop . | . . . . . Pick Up 26 | 2 11 6 2 5 Fast Attach 13 | 6 1 1 . 5 Attach 7 | . . . . 7 Detach . | . . . . . Swap 15 | 1 3 3 3 5 Drop 18 | . 2 7 3 6 Fire 70 | . 13 7 6 44 Melee 7 | . . . . 7 Ram . | . . . . . Kick . | . . . . . Crush . | . . . . . Escape Stasis . | . . . . . Rewire . | . . . . . Trap . | . . . . . Miscellaneous . | . . . . . Route ------- -11/Scrapyard -10/Materials -10/Mines -10/Subcaves -8/Materials (discovered 1 exit: Fac) History --------- Turn | Location | Event 47 | -11/Scrapyard | Discovered new exit (range 14) 134 | -11/Scrapyard | Entered Materials 265 | -10/Materials | Discovered new exit (range 15) 304 | -10/Materials | Build established: Mutant 731 | -10/Materials | Identified exit to Mines 884 | -10/Materials | Entered Mines 1279 | -10/Mines | Learned location of 1 exit from Materials 1346 | -10/Mines | Joined a pair of Derelicts in attacking an 0b10 outpost 1539 | -10/Mines | Discovered new exit (range 3) 1542 | -10/Mines | Identified exit to Subcaves 1543 | -10/Mines | Entered Subcaves 1548 | -10/Subcaves | Discovered new exit (range 7) 1559 | -10/Subcaves | Identified exit to Materials 1586 | -10/Subcaves | A swath of the cavern ceiling suddenly collapsed 1927 | -10/Subcaves | Shifting Twisted Machinery released Sub. Machine Gun 1945 | -10/Subcaves | Shifting Twisted Machinery released Sub. Beam Cannon 1987 | -10/Subcaves | Learned Materials stockpile data 2804 | -10/Subcaves | Entered Materials 2804 | -8/Materials | Evolved 4 slots: Power x1, Propulsion x1, Utility x1, Weapon x1 2805 | -8/Materials | Identified exit to Factory 3796 | -8/Materials | Destroyed 8 combat bots 3859 | -8/Materials | Lost 3 parts (2p1w) 4268 | -8/Materials | Core integrity fell below 50% 4275 | -8/Materials | Core integrity fell below 20% 4286 | -8/Materials | Destroyed by H-61 Shepherd with Heavy Assault Cannon Last Messages --------------- Imp. Grenade Launcher destroyed. Destroyed Imp. Grenade Launcher. Hpw. Shotgun destroyed. Knocked back. Lgt. Nuclear Core destroyed. Slug penetrates Processing Tank. Critical hit (Burn: +37). Acquired 3 matter. Penetrated by Slug. Sml. Storage Unit destroyed. Mak. Axe destroyed. Critical hit (Burn: +37). Penetrated by Slug. X-62 Marksman destroyed. Shotgun blasted off. The unstable cave ceiling collapses. Acquired Shotgun. The unstable cave ceiling collapses. G-47 Trooper destroyed. Shotgun destroyed. Map ----- +----------------------------------------------------+ | #?? ?? #????# """"" #???????????????? | | ###### # ?""" #????# """"" #########???????? | | ??## # # ?"""" ###### # * [[[#???????? | | ??# # # """" # + """"" + [[ #???????? | | ??# # + "" " #""""# """"" # [[ #???????? | | ### !#% # # #] """"" # [ #???????? | | """ "[% " # # # #???????? | | ####% ########### "####+#########+###???????? | | = #?????????? | | ########+####??????? | | % * #???# #??????? | | #####+############# # #######???# """ #??????? | | % # # ###?????????# """ *#??????? | | ## [" ## ##??????????# """ #??????? | | # " ### #???????????# #??????? | | # ###### ########????#########??????? | | # =+ ????????????? | | ############+################???????????????????? | | # # # # ??# #?????????????????????? | | ?# """" # # #?# #?????????????????????? | | ?# ""R" ### #*# #?# #?????????????????????? | | ??????" ??# # ##### #?????????????????????? | | ?????? ??### = !+ #?????????????????????? | | ????????????####### """""%#?????????????????????? | | ??????????????????# "" " %#?????????????????????? | | ?????????????????## @!#?????????????????????? | | ?????????? #?????????????????????? | | ?????????? * % #### #???????????? | | ?????????? !%H [g% = ????????? | | ???????????# ! %Y = % ????????? | | ???????????## # Y ##### #???????????? | | ????????????# ??#### #?????+###???????????? | | ???????????????????# ! ????????????????????? | | ???????????????????# ????????????????????? | | ???????????????????# o !! s # ???????????????????? | | ??????????????